 Dungeon Crawl Stone Soup version 0.30-a0-782-ge64f9170bb (webtiles) character file.

Game seed: 10417216582747926153

570594 Gargoyl the Gargoyle Barricade (level 26, 0/190 HPs)
             Began as a Gargoyle Berserker on Feb 21, 2023.
             Was the Champion of Trog.
             Slain by a green draconian monk (8 damage)
             ... led by a white draconian stormcaller
             ... on level 1 of the Realm of Zot.
             The game lasted 01:25:15 (48347 turns).

Gargoyl the Gargoyle Barricade (GrBe)              Turns: 48347, Time: 01:25:16

Health: 0/190      AC: 52    Str: 34    XL:     26   Next: 95%
Magic:  20/20      EV: 11    Int: 11    God:    Trog [******]
Gold:   4235       SH: 35    Dex: 18    Spells: 25/25 levels left

rFire   + + .      SeeInvis .    V - +11 war axe "Beetlebane" {flame, rF+}
rCold   + . .      Faith    .    G - +4 tower shield "Heik" {rN+}
rNeg    + + +      Spirit   .    q - +0 gold dragon scales
rPois   ∞          Reflect  +    k - +1 hat
rElec   +          Harm     .    g - +2 cloak {rCorr}
rCorr   +          Rampage  ∞    M - +0 pair of gloves
Will    +++..                    Y - +3 pair of seven-league boots {Rampage+∞} Stlth
                                 P - amulet of reflection
HPRegen 1.51/turn                v - ring of Cuamnyaw {rElec rPois rN+ Dex+3 Slay+5}
MPRegen 0.17/turn                n - +6 ring of strength

@: about to teleport, strong-willed, flying, regenerating, constricted, studying
Maces & Flails
A: sickness immunity, AC +20, big wings, negative energy resistance 1,
electricity resistance, torment resistance 1, petrification resistance, clever
1, low MP 1, strong 1, inability to read after injury 1
}: 3/15 runes: decaying, serpentine, silver
a: Renounce Religion, Berserk, Trog's Hand, Brothers in Arms


You were on level 1 of the Realm of Zot.
You worshipped Trog.
Trog was exalted by your worship.
You visited 11 branches of the dungeon, and saw 48 of its levels.
You visited the Abyss 2 times.
You also visited: Ice Cave.

You collected 6542 gold pieces.
You spent 2307 gold pieces at shops.

Inventory:

Hand Weapons
 d - a +5 war axe of electrocution
 m - a +5 war axe
 V - the +11 war axe "Beetlebane" (weapon) {flame, rF+}
   (Trog gifted it to you on level 2 of the Orcish Mines)

   rF:        It protects you from fire.
Missiles
 h - 36 poisoned darts (quivered)
Armour
 g - a +2 cloak of preservation (worn)
 k - a +1 hat (worn)
 q - +0 gold dragon scales (worn)
 G - the +4 tower shield "Heik" (worn) {rN+}
   (You took it off Louise on level 14 of the Dungeon)

   rN:        It protects you from negative energy.
 M - a +0 pair of gloves (worn)
 Q - a +1 crystal plate armour of cold resistance
 Y - the +3 pair of seven-league boots (worn) {Rampage+∞}
   (You found it on level 15 of the Dungeon)

   Rampage+∞: When moving toward enemies, its wearer moves as far as possible.
Jewellery
 c - an amulet of regeneration
 l - the ring "Ceanumek" {Ice rPois rN++ Str+3 Dex-2}
   (You took it off a deep elf sorcerer on level 3 of the Depths)

   [ring of ice]

   It enhances your ice magic.
   Str:       It affects your strength (+3).
   Dex:       It affects your dexterity (-2).
   rF:        It makes you vulnerable to fire.
   rC:        It protects you from cold.
   rPois:     It protects you from poison.
   rN:        It greatly protects you from negative energy.
 n - a +6 ring of strength (right hand)
 s - the ring "Jitsav" {rN+ Int+4 Slay+5}
   (You found it on level 3 of the Depths)

   [ring of positive energy]

   Int:       It affects your intelligence (+4).
   Slay:      It affects your accuracy & damage with ranged weapons and melee
   (+5).
   rN:        It protects you from negative energy.
 v - the ring of Cuamnyaw (left hand) {rElec rPois rN+ Dex+3 Slay+5}
   (You found it on level 5 of the Lair of Beasts)

   [ring of positive energy]

   Dex:       It affects your dexterity (+3).
   Slay:      It affects your accuracy & damage with ranged weapons and melee
   (+5).
   rElec:     It insulates you from electricity.
   rPois:     It protects you from poison.
   rN:        It protects you from negative energy.
 O - an amulet of magic regeneration
 P - an amulet of reflection (around neck)
 R - the ring of Taorets {rF+ MP+9 Int+6}
   (You found it in an ice cave)

   [ring of intelligence]

   Int:       It affects your intelligence (+6).
   rF:        It protects you from fire.
   MP:        It affects your magic capacity (+9).
 S - the ring "Duxzok" {Drain rN+ rCorr Str+2 SInv}
   (You found it on level 3 of the Crypt)

   [ring of positive energy]

   Str:       It affects your strength (+2).
   rN:        It protects you from negative energy.
   SInv:      It lets you see invisible.
   rCorr:     It protects you from acid and corrosion.
   Drain:     It drains your maximum health when unequipped.
 U - a ring of willpower
 X - the ring of Pyromania {rElec rN+ rCorr Dex+3 Stlth+}
   (You found it on level 3 of the Crypt)

   [ring of positive energy]

   Dex:       It affects your dexterity (+3).
   rElec:     It insulates you from electricity.
   rN:        It protects you from negative energy.
   rCorr:     It protects you from acid and corrosion.
   Stlth:     It makes you more stealthy.
 Z - the ring of the Lobster {rN+ Str+4}
   (You found it on level 3 of the Crypt)

   [ring of positive energy]

   Str:       It affects your strength (+4).
   rN:        It protects you from negative energy.
Wands
 b - a wand of polymorph (21)
 x - a wand of quicksilver (16)
 y - a wand of mindburst (12)
 z - a wand of digging (1)
 C - a wand of charming (46)
 I - a wand of flame (60)
 W - a wand of iceblast (33)
Scrolls
 a - 16 scrolls of identify
 f - a scroll of enchant weapon
 j - 7 scrolls of enchant armour
 o - 8 scrolls of magic mapping
 p - 5 scrolls of fog
 t - 9 scrolls of blinking
 B - 10 scrolls of teleportation
 K - 3 scrolls of silence
 L - 4 scrolls of poison
 N - 5 scrolls of fear
Potions
 e - 3 potions of mutation
 i - 4 potions of ambrosia
 r - 7 potions of haste
 u - 5 potions of might
 w - a potion of cancellation
 D - 4 potions of heal wounds
 E - 4 potions of resistance
 F - 2 potions of invisibility
 H - 13 potions of curing
 J - a potion of magic
 T - 2 potions of berserk rage
Miscellaneous
 A - the horn of Geryon


   Skills:
 + Level 26.0 Fighting
 + Level 24.4 Axes
 + Level 1.2 Throwing
 + Level 17.3 Armour
 + Level 13.7 Dodging
 + Level 6.3 Stealth
 O Level 27 Shields
 + Level 0.4 Evocations


You had 25 spell levels left.
You didn't know any spells.
Your spell library was empty.

Dungeon Overview and Level Annotations

Branches:
Dungeon (15/15)            Temple (0/1) D:7            Lair (5/5) D:8
  Swamp (4/4) Lair:3        Snake (4/4) Lair:3        Slime (0/5) Lair:4
    Orc (2/2) D:11         Vaults (5/5) D:14          Crypt (3/3) Vaults:2
   Tomb (0/3) Crypt:3      Depths (4/4) D:15           Hell (visited)
    Dis (0/7) Hell            Geh (0/7) Hell            Coc (0/7) Hell
    Tar (5/7) Hell            Zot (1/5) Depths:4      IceCv (visited)
    Elf: Orc:2

Altars:
Fedhas
Kikubaaqudgha
Makhleb
Qazlal
Ru
Trog
Vehumet
Yredelemnul
Jiyva

Shops:
D:8 [   Orc:2 (?=[*   Snake:2 ((*   Vaults:1 !   Depths:2 :==   Depths:4 (*(

Portals:
Hell: Depths:1 Depths:2 Depths:3 Depths:4
Abyss: Depths:3
Pandemonium: Depths:2 Depths:3 Depths:4
Ziggurat: Depths:3
Bazaar: Vaults:2 Depths:1

Annotations:
D:10 exclusion: obsidian statue
Depths:1 2 transporters, exclusion: orange crystal statue, Hulu's ghost, veteran GrEE
Depths:2 1 runed translucent door


Innate Abilities, Weirdness & Mutations

You are immune to sickness and miasma.
Your stone body is resilient. (AC +20)
You are immune to poison.
Your large and strong wings let you fly.
You resist negative energy. (rN+)
You are resistant to electric shocks. (rElec)
You are resistant to unholy torment.
You are immune to petrification.
Your mind is acute. (Int +4, Str/Dex -1)
Your magical capacity is low. (-10% MP)
Your muscles are strong. (Str +4, Int/Dex -1)
You occasionally lose the ability to read scrolls when taking damage.


Message History

The tentacled monstrosity constricts you.
The shadow dragon closely misses you.
The shadow dragon claws you but does no damage.
You block the shadow dragon's attack.
The white draconian stormcaller hits you but does no damage.
The green draconian monk hits you but does no damage.
You block the green draconian monk's attack.
The green draconian monk tail-slaps you but does no damage. x2
The white draconian stormcaller breathes frost at you.
The blast of cold hits you! You resist.
* * * LOW HITPOINT WARNING * * *
You feel much better.
You block the tentacled monstrosity's attack. x2
The tentacled monstrosity barely misses you.
The tentacled monstrosity constricts you.
The green draconian monk hits you!
* * * LOW HITPOINT WARNING * * *
The green draconian monk barely misses you.
The green draconian monk tail-slaps you.
* * * LOW HITPOINT WARNING * * *
The green draconian monk tail-slaps you but does no damage.
You block the white draconian stormcaller's attack.
The shadow dragon bites you!
* * * LOW HITPOINT WARNING * * *
You block the shadow dragon's attack. x2
The white draconian stormcaller calls down the wrath of Qazlal upon you.
Qazlal smites you!
* * * LOW HITPOINT WARNING * * *
You feel much better.
You block the white draconian stormcaller's attack.
The white draconian stormcaller breathes frost at you.
The blast of cold hits you!! You resist.
* * * LOW HITPOINT WARNING * * *
You block the tentacled monstrosity's attack. x3
The tentacled monstrosity constricts you!
* * * LOW HITPOINT WARNING * * *
You block the shadow dragon's attack.
The shadow dragon claws you but does no damage.
You block the shadow dragon's attack. The green draconian monk hits you!
You die...

.... #+ #.... ..
#....# #. #....#
# #. #### .....
#.#.##./##...##
#......[#qX...##
#....D@q....#
##.#...)q#...#
## #..##....# .#
###.. #...######
#.....#.###
##.##....#
...####.+
....#.##
#..#..##


You could see a shadow dragon, a tentacled monstrosity, a green draconian monk
and 2 draconians.

Vanquished Creatures
  3 dread liches
  Khufu (Crypt:2)
  3 ancient liches
  2 royal mummies (Crypt:1)
  Josephina (Depths:4)
  Vv (Crypt:2)
  Margery (Crypt:1)
  A caustic shrike (Depths:3)
  5 golden dragons
  Geryon (Hell)
  Vashnia (Snake:2)
  Nikola (Depths:2)
  5 bone dragons
  Jory (Crypt:3)
  4 Tzitzimimeh
  7 doom hounds
  4 tentacled monstrosities
  A tainted leviathan (Tar:4)
  6 liches
  2 quicksilver dragons (Depths:2)
  6 titans
  A walking divine tome (Depths:3)
  7 sphinxes
  Gastronok (D:11)
  A tentacled starspawn (Abyss:4)
  3 ancient champions
  2 thorn hunters
  7 shadow dragons
  3 storm dragons
  2 revenants (Crypt:1)
  2 fenstrider witches
  3 nagarajas (Snake:4)
  3 tengu reavers
  12 fire giants
  Donald (Vaults:1)
  15 frost giants
  4 iron dragons
  Aizul (Snake:1)
  2 draconian scorchers
  19 vault wardens
  5 deep elf sorcerers
  2 caustic shrike zombies (Crypt:3)
  3 orc warlords
  Louise (D:14)
  4 cacodemons
  A curse skull (Crypt:2)
  3 balrugs
  14 ghouls
  24 ironbound preservers
  A spriggan defender (Depths:2)
  2 draconian annihilators
  5 war gargoyles
  33 very ugly things
  A juggernaut zombie (Crypt:3)
  13 stone giants
  2 reapers
  6 ironbound thunderhulks
  18 vampire knights
  9 eleionomae
  A green draconian (Depths:4)
  3 deep elf demonologists
  8 putrid mouths
  6 bunyips
  2 purple draconians (Depths:4)
  3 white draconians (Depths:4)
  6 spark wasps
  13 dire elephants
  6 eidola
  A deep elf death mage (Vaults:1)
  The ghost of DeathSun the Grappler, a journeyman DrTm of Gozag (Lair:2)
  7 fire dragons
  3 blizzard demons (Hell)
  6 crystal guardians
  A mummy priest (Crypt:1)
  10 ettins
  5 deep elf high priests
  2 spectral spriggans (Tar:1)
  4 shambling mangroves
  3 rakshasas
  11 jiangshi
  12 yaktaur captains
  A salamander tyrant (Snake:4)
  A fenstrider witch zombie (Hell)
  3 peacekeepers
  A quicksilver dragon skeleton (Hell)
  42 vault guards
  An entropy weaver (Vaults:4)
  4 great orbs of eyes
  11 hydras
  2 catoblepae
  A jorogumo (shapeshifter) (Vaults:4)
  9 centaur warriors
  Fannar (D:10)
  9 ice dragons
  A ghost crab (Swamp:2)
  6 ironbound frosthearts
  6 alligators
  A spriggan air mage (Depths:2)
  An alligator (shapeshifter) (Depths:3)
  10 anacondas
  5 ogre magi
  11 two-headed ogres
  6 boulder beetles
  8 death yaks
  20 naga warriors
  2 spectral dire elephants
  12 deep troll earth magi
  5 thrashing horrors (Abyss:4)
  7 deep troll shamans
  11 tengu warriors
  5 hell hogs
  11 vampire magi
  7 shock serpents
  17 soul eaters
  22 hell knights
  6 naga sharpshooters
  5 spriggans
  A titan zombie (Crypt:3)
  4 spriggan berserkers (Depths:2)
  8 sun demons
  A storm dragon zombie (Crypt:2)
  A wretched star (Abyss:4)
  2 salamander mystics
  66 skeletal warriors
  7 shadow wraiths
  2 bunyip zombies
  12 iron trolls
  A spectral anaconda (Lair:5)
  4 goliath frogs
  7 sea snakes (Snake:4)
  2 sixfirhies
  2 skysharks
  An anaconda zombie (Crypt:1)
  An iron giant zombie (Crypt:1)
  A golden dragon zombie (D:15)
  4 spriggan druids
  5 bog bodies
  4 glowing orange brains
  79 deep trolls
  7 naga ritualists
  10 swamp dragons
  3 spectral hydras (Swamp:4)
  An obsidian statue (Lair:5)
  A sphinx zombie (D:15)
  A shadow demon (Depths:2)
  8 wizards
  22 phantasmal warriors
  A shadow dragon zombie (Crypt:3)
  17 ironbound convokers
  5 harpies (Vaults:3)
  An iron giant skeleton (Crypt:1)
  2 anaconda skeletons (Hell)
  4 flayed ghosts
  9 lindwurms
  17 orc knights
  20 necromancers
  5 oklob plants
  11 mana vipers
  2 deep elf pyromancers
  A frost giant zombie (D:15)
  3 manticores
  A worldbinder (Abyss:3)
  31 salamanders
  6 cyclopes
  7 orc sorcerers
  45 ugly things
  2 moths of wrath (Zot:1)
  3 will-o-the-wisps
  A mana viper (shapeshifter) (Vaults:5)
  6 guardian serpents (Snake:4)
  15 elephants
  4 stone giant zombies
  A spectral centaur (Tar:1)
  A goliath frog skeleton (Crypt:2)
  A spectral ettin (Tar:1)
  6 starcursed masses (Abyss:4)
  3 ice statues
  11 rust devils
  13 vault sentinels
  An apocalypse crab (Abyss:4)
  5 smoke demons
  32 black mambas
  21 naga magi
  Joseph (D:10)
  10 cane toads
  A dire elephant zombie (Lair:5)
  A gargoyle (D:10)
  A death yak zombie (Crypt:3)
  2 orange demons
  A torpor snail (Lair:2)
  2 naga skeletons (Crypt:1)
  A centaur skeleton (Crypt:1)
  A catoblepas zombie (Crypt:1)
  A shock serpent skeleton (Crypt:3)
  Psyche (D:7)
  A grey draconian zombie (Crypt:3)
  2 rime drakes
  3 tormentors
  An unseen horror (D:12)
  6 freezing wraiths
  A minotaur zombie (Crypt:3)
  43 yaktaurs
  2 guardian mummies
  A spectral naga (Tar:1)
  A redback zombie (Crypt:2)
  3 ice devils
  A yaktaur skeleton (Vaults:3)
  4 komodo dragons
  2 tengu conjurers
  2 red devils (Depths:3)
  A red draconian skeleton (Crypt:2)
  A troll (shapeshifter) (D:14)
  8 trolls
  2 ancient zymes (Abyss:4)
  A hellwing (Depths:4)
  3 meliai (D:11)
  A queen bee (shapeshifter) (D:13)
  5 large abominations (Abyss:4)
  14 tyrant leeches
  2 polar bears
  A spectral harpy (Tar:1)
  4 harpy zombies
  2 death drake zombies (Swamp:4)
  9 hornets
  3 bloated husks (Swamp:2)
  4 hydra skeletons (Swamp:4)
  6 hydra zombies
  A great orb of eyes zombie (Crypt:2)
  A tarantella (Vaults:4)
  A harpy skeleton (Crypt:3)
  3 spriggan zombies
  5 raiju (Abyss:4)
  A death drake skeleton (Swamp:4)
  2 ettin zombies
  4 dream sheep (Lair:5)
  8 blink frogs (Lair:3)
  2 meliai zombies
  A fire giant simulacrum (Vaults:2)
  A centaur simulacrum (D:15)
  21 flying skulls
  A jumping spider (Vaults:4)
  A fire dragon skeleton (Crypt:1)
  31 slime creatures
  4 ynoxinuls
  An alligator skeleton (Hell)
  22 shadows
  An ettin skeleton (Crypt:1)
  An elf skeleton (Vaults:3)
  3 water elementals
  4 wyverns
  A dire elephant simulacrum (IceCv)
  2 vampires
  5 basilisks
  7 fire bats
  20 yaks
  A golden eye (shapeshifter) (Vaults:4)
  13 wraiths
  8 humans (D:14)
  A fire elemental (Depths:2)
  A vampire mosquito (D:11)
  2 steam dragons
  4 death yak simulacra (IceCv)
  3 small abominations
  6 chaos spawn
  A harpy simulacrum (IceCv)
  6 neqoxecs
  12 swamp worms
  A redback (Vaults:4)
  52 nagas
  A naga zombie (Crypt:1)
  2 acid dragons
  2 spectral cane toads (Lair:5)
  6 water moccasins
  2 glowing shapeshifter zombies
  5 hydra simulacra
  7 swamp drakes
  2 swamp dragon zombies (Swamp:4)
  2 black bears (D:6)
  A human zombie (Vaults:3)
  5 ogres
  3 ice beasts
  13 orc warriors
  An elephant skeleton (Lair:5)
  A swamp dragon skeleton (Swamp:4)
  A tengu (Abyss:4)
  9 centaurs
  2 kobold brigands
  5 bullfrogs
  7 necrophages
  A gnoll sergeant (D:12)
  7 two-headed ogre simulacra (IceCv)
  2 scorpions
  3 cane toad simulacra (IceCv)
  24 wights
  4 killer bees (D:9)
  2 howler monkeys
  4 lava snakes (Snake:1)
  A quasit (Abyss:3)
  A human simulacrum (Vaults:2)
  15 orc priests
  5 hounds
  4 jellies
  A gnoll bouda (D:7)
  4 iguanas
  An iguana (shapeshifter) (Vaults:4)
  6 hell rats (Lair:3)
  A polar bear simulacrum (IceCv)
  26 orc wizards
  2 spriggan simulacra (IceCv)
  4 troll simulacra (IceCv)
  5 wolf simulacra (IceCv)
  A deep dwarf zombie (Crypt:1)
  13 mummies
  10 gnolls
  5 adders (D:4)
  10 naga simulacra
  A shadow imp (D:8)
  7 white imps
  7 ufetubi
  A lava snake skeleton (Crypt:2)
  4 worms
  A dart slug (D:4)
  77 orcs
  12 bats
  7 endoplasms
  6 giant cockroaches
  2 goblins
  11 hobgoblins
  4 quokkas
  5 ball pythons
  2 frilled lizards
  A goblin skeleton (Crypt:1)
  9 kobolds
  An orc skeleton (Crypt:3)
  6 rats
  A rat skeleton (Crypt:2)
  9 briar patches (Swamp:4)
  4 fire vortices (Hell)
  A plant (Swamp:4)
  2 starspawn tentacles (Abyss:4)
2109 creatures vanquished.

Vanquished Creatures (collateral kills)
  A nagaraja (Snake:4)
  2 vault wardens (Vaults:5)
  A war gargoyle (Vaults:2)
  A stone giant (Vaults:5)
  2 vault guards (Vaults:5)
  An anaconda (Snake:4)
  A peacekeeper (Vaults:2)
  2 naga sharpshooters (Snake:2)
  3 hell knights (Vaults:4)
  A skeletal warrior (D:13)
  A black mamba (Snake:4)
  A naga mage (Snake:4)
  3 yaktaurs
  3 starcursed masses (Abyss:3)
  2 yaks (D:7)
25 creatures vanquished.

Vanquished Creatures (others)
  An ancient lich (Abyss:4)
  A frost giant (Depths:2)
  An alligator (Swamp:4)
  A soul eater (Hell)
  A spriggan druid (Swamp:4)
  A spriggan simulacrum (Depths:4)
  2 golden dragon simulacra (Depths:4)
  2 bloated husks
  A tyrant leech (Swamp:2)
  2 iron dragon simulacra (Depths:4)
  A wraith (Crypt:1)
  A human (D:14)
  2 swamp worms (Swamp:4)
  4 orc wizards (Orc:2)
  A creeping inferno (Hell)
  16 foxfires
  14 fungi
  70 plants
  4 starspawn tentacles (Abyss:4)
  32 withered plants
158 creatures vanquished.

Grand Total: 2292 creatures vanquished

Notes
Turn   | Place    | Note
-------+----------+-------------------------------------------
     0 | D:1      | Gargoyl the Gargoyle Berserker began the quest for the Orb.
     0 | D:1      | Reached XP level 1. HP: 14/14 MP: 1/1
   138 | D:1      | Reached XP level 2. HP: 18/19 MP: 2/2
   486 | D:1      | Reached ** piety under Trog
   631 | D:1      | Reached XP level 3. HP: 5/24 MP: 3/3
  1371 | D:2      | Found a bloodstained altar of Trog.
  1455 | D:3      | Gained mutation: You are partially covered in iridescent
                  | scales. (AC +2) [potion of mutation]
  1455 | D:3      | Gained mutation: Your muscles are strong. (Str +4, Int/Dex
                  | -1) [potion of mutation]
  1641 | D:3      | Found a faded altar of an unknown god.
  1951 | D:3      | Reached XP level 4. HP: 29/29 MP: 4/4
  2256 | D:4      | Noticed an ogre
  2279 | D:4      | Reached skill level 1 in Stealth
  2279 | D:4      | Reached XP level 5. HP: 33/33 MP: 5/5
  2299 | D:4      | Killed an ogre
  2348 | D:4      | Identified the +4 whip of Incongruity {vamp, Dex+2}
  2380 | D:4      | Reached XP level 6. HP: 38/38 MP: 6/6
  2798 | D:4      | Found a burning altar of Makhleb.
  3122 | D:5      | Entered Level 5 of the Dungeon
  3201 | D:5      | Reached skill level 5 in Axes
  3298 | D:5      | Reached *** piety under Trog
  3471 | D:5      | Noticed an ice beast
  3479 | D:5      | Killed an ice beast
  3480 | D:5      | Reached XP level 7. HP: 41/44 MP: 7/7
  3491 | D:5      | Reached skill level 5 in Fighting
  3875 | D:6      | Reached XP level 8. HP: 50/50 MP: 8/8
  4818 | D:7      | Reached XP level 9. HP: 51/56 MP: 9/9
  4846 | D:7      | Reached **** piety under Trog
  4999 | D:7      | Found a staircase to the Ecumenical Temple.
  5626 | D:8      | Noticed Psyche
  5638 | D:7      | Reached skill level 5 in Armour
  5676 | D:7      | Killed Psyche
  5729 | D:8      | Noticed an elephant
  5730 | D:8      | Found a staircase to the Lair.
  5730 | D:8      | Noticed a hornet
  5747 | D:7      | Killed a hornet
  5748 | D:7      | Reached skill level 10 in Axes
  5748 | D:7      | Reached XP level 10. HP: 48/63 MP: 10/10
  5778 | D:7      | Killed an elephant
  6487 | D:8      | Found Utimaymo's Antique Armour Shop.
  6559 | Lair:1   | Entered Level 1 of the Lair of Beasts
  6697 | Lair:1   | Noticed a black mamba
  6714 | Lair:1   | Killed a black mamba
  6760 | Lair:1   | Noticed a cane toad
  6771 | Lair:1   | Killed a cane toad
  7349 | Lair:2   | Noticed a cane toad
  7358 | Lair:2   | Killed a cane toad
  7363 | Lair:2   | Reached XP level 11. HP: 69/69 MP: 11/11
  7374 | Lair:2   | Found a runed translucent door.
  7377 | Lair:2   | Identified a scroll of acquirement
  7377 | Lair:2   | Acquired a manual of Dodging
  7469 | Lair:2   | Reached skill level 1 in Shields
  7699 | Lair:2   | Noticed DeathSun's ghost (journeyman DrTm)
  7980 | Lair:2   | Killed DeathSun's ghost
  8132 | Lair:3   | Identified the +4 chain mail of Mimufe {Int+2}
  8159 | Lair:3   | Noticed a skyshark
  8167 | Lair:3   | Killed a skyshark
  8286 | Lair:3   | Reached skill level 5 in Dodging
  8380 | Lair:3   | Reached XP level 12. HP: 43/77 MP: 12/12
  8475 | Lair:3   | Found a staircase to the Snake Pit.
  8607 | Lair:3   | Noticed a death yak
  8607 | Lair:3   | Noticed a death yak
  8607 | Lair:3   | Noticed a death yak
  8614 | Lair:3   | Noticed a death yak
  8621 | Lair:3   | Killed a death yak
  8622 | Lair:3   | Reached skill level 10 in Fighting
  8629 | Lair:3   | Killed a death yak
  8630 | Lair:3   | Reached skill level 2 in Shields
  8630 | Lair:3   | Noticed a death yak
  8635 | Lair:3   | Killed a death yak
  8650 | Lair:3   | Killed a death yak
  8651 | Lair:3   | Killed a death yak
  8755 | Lair:3   | Found a staircase to the Swamp.
  8948 | Lair:4   | Found a staircase to the Slime Pits.
  8948 | Lair:4   | Found a viscous altar of Jiyva.
  9022 | Lair:4   | Identified the +0 helmet of the New World {rF- rC+ Dex+5}
  9132 | Lair:4   | Noticed a catoblepas
  9156 | Lair:4   | Killed a catoblepas
  9621 | Lair:5   | Entered Level 5 of the Lair of Beasts
  9690 | Lair:5   | Reached XP level 13. HP: 84/84 MP: 13/13
  9940 | Lair:5   | Reached skill level 10 in Armour
  9940 | Lair:5   | Reached skill level 3 in Shields
 10305 | Lair:5   | Noticed a dire elephant
 10305 | Lair:5   | Noticed a dire elephant
 10345 | Lair:5   | Noticed a dire elephant
 10346 | Lair:5   | Noticed a dire elephant
 10427 | Lair:5   | Killed a dire elephant
 10469 | Lair:5   | Noticed a dire elephant
 10481 | Lair:5   | Killed a dire elephant
 10545 | Lair:5   | Killed a dire elephant
 10562 | Lair:5   | Killed a dire elephant
 10563 | Lair:5   | Reached skill level 1 in Throwing
 10567 | Lair:5   | HP: 3/85 [dire elephant (23)]
 10653 | Lair:5   | Killed a dire elephant
 10730 | Lair:5   | Reached skill level 15 in Axes
 10837 | Lair:5   | HP: 4/86 [red devil/+1 demon trident of venom[an obsidian
                  | statue] (8)]
 11021 | Lair:5   | Reached skill level 4 in Shields
 11108 | Lair:5   | Gained mutation: Your large and strong wings let you fly.
                  | [Gargoyle growth]
 11108 | Lair:5   | Reached XP level 14. HP: 83/92 MP: 14/14
 11449 | Lair:5   | Identified the ring of Cuamnyaw {rElec rPois rN+ Dex+3
                  | Slay+5}
 11976 | D:10     | Entered Level 10 of the Dungeon
 12044 | D:10     | Noticed Joseph
 12056 | D:10     | Killed Joseph
 12612 | D:10     | Noticed Fannar
 12622 | D:10     | Killed Fannar
 12954 | D:11     | Noticed Gastronok
 12967 | D:11     | Killed Gastronok
 13001 | D:11     | Found a staircase to the Orcish Mines.
 13301 | D:11     | Reached skill level 5 in Shields
 13764 | D:12     | Found a frozen archway.
 13780 | IceCv    | Entered an ice cave
 13892 | IceCv    | Reached ***** piety under Trog
 14141 | IceCv    | Received a gift from Trog
 14388 | IceCv    | Identified the ring of Taorets {rF+ MP+9 Int+6}
 14910 | D:12     | Reached XP level 15. HP: 100/100 MP: 15/15
 15356 | D:13     | Reached skill level 6 in Shields
 15370 | D:13     | Identified the +0 robe "Moblon" {rCorr Archmagi}
 15900 | D:14     | Identified the +4 tower shield "Heik" {rN+}
 15900 | D:14     | Noticed Louise
 15923 | D:14     | Killed Louise
 16038 | D:14     | Found a gate to the Vaults.
 16391 | D:14     | Reached skill level 7 in Shields
 16424 | D:14     | Reached skill level 5 in Stealth
 16869 | D:15     | Entered Level 15 of the Dungeon
 16939 | D:15     | Found a staircase to the Depths.
 17001 | D:15     | Reached skill level 15 in Fighting
 17219 | D:15     | Reached skill level 8 in Shields
 17402 | D:15     | Found the +3 pair of seven-league boots {Rampage+∞}
 17411 | D:15     | Identified the +3 leather armour of the Good {Str+3 SInv}
 17872 | Orc:1    | Entered Level 1 of the Orcish Mines
 17967 | Orc:1    | Paralysed by an orc sorcerer for 4 turns
 18076 | Orc:2    | Entered Level 2 of the Orcish Mines
 18156 | Orc:2    | Reached XP level 16. HP: 104/108 MP: 16/16
 18172 | Orc:2    | Found Korhexepn's Jewellery Shop.
 18186 | Orc:2    | Found a radiant altar of Vehumet.
 18201 | Orc:2    | Paralysed by something for 5 turns
 18226 | Orc:2    | Reached skill level 10 in Dodging
 18229 | Orc:2    | Identified the +11 war axe "Beetlebane" {flame, rF+} (Trog
                  | gifted it to you on level 2 of the Orcish Mines)
 18229 | Orc:2    | Received a gift from Trog
 18264 | Orc:2    | Bought an amulet of reflection for 420 gold pieces
 18306 | Orc:2    | Found an ancient bone altar of Kikubaaqudgha.
 18330 | Orc:2    | Found Iwkylin's Antique Weapon Boutique.
 18405 | Orc:2    | Found Kufiwkit's Assorted Antiques.
 18415 | Orc:2    | Reached skill level 9 in Shields
 18479 | Orc:2    | Found Ine Xyof's Antique Armour Boutique.
 18492 | Orc:2    | Found Suaxzag's Magic Scroll Shop.
 18500 | Orc:2    | Bought a scroll of blinking for 105 gold pieces
 18500 | Orc:2    | Bought 2 scrolls of teleportation for 84 gold pieces
 18500 | Orc:2    | Bought a scroll of teleportation for 42 gold pieces
 18500 | Orc:2    | Bought a scroll of acquirement for 728 gold pieces
 18503 | Orc:2    | Acquired a manual of Shields
 18732 | Snake:1  | Entered Level 1 of the Snake Pit
 18748 | Snake:1  | Noticed Aizul
 18762 | Snake:1  | Killed Aizul
 18829 | Snake:1  | Found a blossoming altar of Fedhas.
 19145 | Snake:1  | Identified the +10 glaive "Fish" {freeze, Drain rElec rPois
                  | Str+3}
 19168 | Snake:1  | Reached skill level 10 in Shields
 19257 | Snake:1  | Reached skill level 11 in Shields
 19381 | Snake:1  | You are sucked into a shaft and drop 1 floor!
 19494 | Snake:2  | Reached skill level 12 in Shields
 19536 | Snake:2  | Found Tasaatz's Assorted Antiques.
 19555 | Snake:2  | Bought a scroll labelled UMARUAZIST for 36 gold pieces
 19652 | Snake:2  | Found Wobrug's Antique Weapon Shop.
 19769 | Snake:2  | Noticed Vashnia
 19783 | Snake:2  | Reached skill level 13 in Shields
 19787 | Snake:2  | Killed Vashnia
 19823 | Snake:2  | Found Qaatt's Weapon Boutique.
 19921 | Snake:2  | Reached XP level 17. HP: 93/115 MP: 17/17
 20106 | Snake:3  | Reached skill level 14 in Shields
 20130 | Snake:3  | Received a gift from Trog
 20365 | Snake:3  | Found a sacrificial altar of Ru.
 20382 | Snake:3  | Reached skill level 15 in Shields
 20617 | Snake:4  | Entered Level 4 of the Snake Pit
 20821 | Snake:4  | Reached skill level 16 in Shields
 21246 | Snake:4  | Received a gift from Trog
 21767 | Snake:4  | Reached XP level 18. HP: 113/122 MP: 18/18
 21798 | Snake:4  | Got a serpentine rune of Zot
 22170 | Vaults:1 | Entered Level 1 of the Vaults
 22243 | Vaults:1 | Noticed Donald
 22254 | Vaults:1 | Killed Donald
 22255 | Vaults:1 | Reached skill level 17 in Shields
 22306 | Vaults:1 | Lost mutation: Your muscles are strong. (Str +4, Int/Dex
                  | -1) [potion of mutation]
 22306 | Vaults:1 | Lost mutation: You are partially covered in iridescent
                  | scales. (AC +2) [potion of mutation]
 22306 | Vaults:1 | Gained mutation: You are dopey. (Int -2) [potion of
                  | mutation]
 22306 | Vaults:1 | Gained mutation: You are robust. (+10% HP) [potion of
                  | mutation]
 22306 | Vaults:1 | Gained mutation: You have a pair of small horns on your
                  | head. [potion of mutation]
 22306 | Vaults:1 | Gained mutation: Your spells are a little harder to cast,
                  | but a little more powerful. [potion of mutation]
 22307 | Vaults:1 | Lost mutation: You are dopey. (Int -2) [potion of mutation]
 22307 | Vaults:1 | Lost mutation: You have a pair of small horns on your head.
                  | [potion of mutation]
 22307 | Vaults:1 | Lost mutation: Your spells are a little harder to cast, but
                  | a little more powerful. [potion of mutation]
 22307 | Vaults:1 | Gained mutation: You occasionally lose the ability to read
                  | scrolls when taking damage. [potion of mutation]
 22308 | Vaults:1 | Lost mutation: You are robust. (+10% HP) [potion of
                  | mutation]
 22308 | Vaults:1 | Lost mutation: You occasionally lose the ability to read
                  | scrolls when taking damage. [potion of mutation]
 22308 | Vaults:1 | Gained mutation: You are agile. (Dex +4, Str/Int -1)
                  | [potion of mutation]
 22308 | Vaults:1 | Gained mutation: You have sharp fingernails. [potion of
                  | mutation]
 22308 | Vaults:1 | Lost mutation: You are agile. (Dex +4, Str/Int -1) [potion
                  | of mutation]
 22308 | Vaults:1 | Gained mutation: Your flesh is cold resistant. (rC+)
                  | [potion of mutation]
 22309 | Vaults:1 | Lost mutation: Your flesh is cold resistant. (rC+) [potion
                  | of mutation]
 22309 | Vaults:1 | Lost mutation: You have sharp fingernails. [potion of
                  | mutation]
 22309 | Vaults:1 | Gained mutation: You are dopey. (Int -2) [potion of
                  | mutation]
 22309 | Vaults:1 | Gained mutation: Your muscles are strong. (Str +4, Int/Dex
                  | -1) [potion of mutation]
 22309 | Vaults:1 | Gained mutation: You are very dopey. (Int -4) [potion of
                  | mutation]
 22310 | Vaults:1 | Lost mutation: Your muscles are strong. (Str +4, Int/Dex
                  | -1) [potion of mutation]
 22310 | Vaults:1 | Lost mutation: You are very dopey. (Int -4) [potion of
                  | mutation]
 22310 | Vaults:1 | Lost mutation: You are dopey. (Int -2) [potion of mutation]
 22310 | Vaults:1 | Gained mutation: Your muscles are strong. (Str +4, Int/Dex
                  | -1) [potion of mutation]
 22311 | Vaults:1 | Lost mutation: Your muscles are strong. (Str +4, Int/Dex
                  | -1) [potion of mutation]
 22311 | Vaults:1 | Gained mutation: You occasionally lose the ability to read
                  | scrolls when taking damage. [potion of mutation]
 22311 | Vaults:1 | Gained mutation: You have a pair of small antennae on your
                  | head. [potion of mutation]
 22312 | Vaults:1 | Lost mutation: You have a pair of small antennae on your
                  | head. [potion of mutation]
 22312 | Vaults:1 | Lost mutation: You occasionally lose the ability to read
                  | scrolls when taking damage. [potion of mutation]
 22312 | Vaults:1 | Gained mutation: You have hidden genetic potential. [potion
                  | of mutation]
 22312 | Vaults:1 | Gained mutation: You have great hidden genetic potential.
                  | [potion of mutation]
 22646 | Vaults:1 | Found Icawa's Distillery.
 22655 | Vaults:1 | Bought a potion of heal wounds for 100 gold pieces
 22655 | Vaults:1 | Bought a potion of heal wounds for 100 gold pieces
 22655 | Vaults:1 | Bought a potion of curing for 60 gold pieces
 22655 | Vaults:1 | Bought a potion of curing for 60 gold pieces
 22655 | Vaults:1 | Bought 2 potions of curing for 120 gold pieces
 22655 | Vaults:1 | Bought a potion of mutation for 160 gold pieces
 22655 | Vaults:1 | Lost mutation: You have great hidden genetic potential.
                  | [potion of mutation]
 22655 | Vaults:1 | Lost mutation: You have hidden genetic potential. [potion
                  | of mutation]
 22655 | Vaults:1 | Gained mutation: Your magical capacity is low. (-10% MP)
                  | [potion of mutation]
 22655 | Vaults:1 | Gained mutation: Your muscles are strong. (Str +4, Int/Dex
                  | -1) [potion of mutation]
 22655 | Vaults:1 | Gained mutation: Armour fits poorly on your strangely
                  | shaped body. [potion of mutation]
 22846 | Vaults:1 | Received a gift from Trog
 22965 | Vaults:1 | Reached ****** piety under Trog
 23477 | Vaults:2 | Found a staircase to the Crypt.
 23581 | Vaults:2 | Found a gateway to a bazaar.
 23696 | Vaults:2 | Identified the +0 leather armour of Perfidy {-Cast rF+
                  | rCorr Dex+4}
 23951 | Vaults:2 | Reached skill level 18 in Shields
 24256 | Vaults:2 | Received a gift from Trog
 24376 | Vaults:3 | Reached XP level 19. HP: 117/130 MP: 17/17
 24708 | Vaults:3 | Reached skill level 19 in Shields
 25015 | Vaults:3 | Received a gift from Trog
 25653 | Abyss:3  | Cast into level 3 of the Abyss (a wizard)
 25711 | Abyss:3  | Gained mutation: Your spells are a little easier to cast,
                  | but a little less powerful. [a neqoxec]
 25726 | Abyss:3  | Lost intelligence.
 25789 | Abyss:4  | Noticed an ancient lich
 25810 | Abyss:4  | Killed an ancient lich
 25811 | Abyss:4  | Reached XP level 20. HP: 137/137 MP: 14/18
 25817 | Vaults:3 | Escaped the Abyss
 25838 | Vaults:3 | Identified the +5 war axe of Rotation {flame, rElec Dex+3}
                  | (Trog gifted it to you on level 3 of the Vaults)
 25838 | Vaults:3 | Received a gift from Trog
 25865 | Vaults:3 | Reached skill level 20 in Shields
 26016 | Vaults:3 | Identified the +8 dagger of Uncertain Death {heavy, Dex+2}
 27226 | Vaults:4 | Paralysed by a sphinx for 3 turns
 27270 | Vaults:4 | Reached skill level 21 in Shields
 27872 | Vaults:4 | Reached XP level 21. HP: 135/145 MP: 18/18
 28032 | Vaults:5 | Entered Level 5 of the Vaults
 28049 | Vaults:5 | Received a gift from Trog
 28874 | Vaults:5 | Noticed an ancient lich
 29064 | Vaults:4 | Killed an ancient lich
 29144 | Vaults:5 | Noticed a dread lich
 29152 | Vaults:4 | Reached skill level 22 in Shields
 29278 | Vaults:5 | Noticed a golden dragon
 29279 | Vaults:5 | Paralysed by a dread lich for 5 turns
 29281 | Vaults:5 | Gained mutation: Your spells are easier to cast, but less
                  | powerful. [a shining eye]
 29282 | Vaults:5 | Gained mutation: Your body sometimes deteriorates upon
                  | taking damage. [a shining eye]
 29291 | Vaults:5 | Killed a golden dragon
 29301 | Vaults:4 | Killed a dread lich
 29569 | Vaults:5 | Noticed a dread lich
 29623 | Vaults:4 | Killed a dread lich
 29820 | Vaults:5 | Noticed an ancient lich
 30069 | Vaults:5 | Killed an ancient lich
 30078 | Vaults:5 | Reached XP level 22. HP: 153/153 MP: 19/19
 30080 | Vaults:5 | Noticed a golden dragon
 30220 | Vaults:5 | Killed a golden dragon
 31168 | Abyss:4  | Found a corrupted altar of Lugonu.
 31168 | Abyss:4  | Cast into level 4 of the Abyss (a deep elf sorcerer)
 31189 | Abyss:4  | Paralysed by you for 3 turns
 31313 | Abyss:4  | Found a corrupted altar of Lugonu.
 31355 | Abyss:4  | Gained mutation: Your spells are much easier to cast, but
                  | much less powerful. [a cacodemon]
 31377 | Abyss:4  | Gained mutation: You occasionally lose the ability to read
                  | scrolls when taking damage. [a neqoxec]
 31402 | Abyss:4  | Gained mutation: Your natural rate of healing is unusually
                  | fast. [a neqoxec]
 31405 | Vaults:5 | Escaped the Abyss
 31487 | Vaults:5 | Reached skill level 23 in Shields
 31523 | Vaults:5 | Noticed a golden dragon
 31539 | Vaults:5 | Killed a golden dragon
 31582 | Vaults:5 | Identified the +1 plate armour "Goeddo" {rC+}
 31589 | Vaults:5 | Identified the +3 falchion "Loridgho" {heavy, Contam rN+
                  | Will+ rCorr}
 31590 | Vaults:5 | Lost mutation: Your natural rate of healing is unusually
                  | fast. [potion of mutation]
 31590 | Vaults:5 | Lost mutation: Armour fits poorly on your strangely shaped
                  | body. [potion of mutation]
 31590 | Vaults:5 | Lost mutation: You occasionally lose the ability to read
                  | scrolls when taking damage. [potion of mutation]
 31590 | Vaults:5 | Gained mutation: You occasionally lose the ability to read
                  | scrolls when taking damage. [potion of mutation]
 31591 | Vaults:5 | Lost mutation: Your spells are much easier to cast, but
                  | much less powerful. [potion of mutation]
 31591 | Vaults:5 | Lost mutation: Your spells are easier to cast, but less
                  | powerful. [potion of mutation]
 31591 | Vaults:5 | Lost mutation: Your body sometimes deteriorates upon taking
                  | damage. [potion of mutation]
 31591 | Vaults:5 | Lost mutation: Your spells are a little easier to cast, but
                  | a little less powerful. [potion of mutation]
 31591 | Vaults:5 | Gained mutation: Your mind is acute. (Int +4, Str/Dex -1)
                  | [potion of mutation]
 31602 | Vaults:5 | Identified the +5 falchion "Pendulum" {heavy, Contam Str+4}
 31648 | Vaults:5 | Noticed a golden dragon
 31662 | Vaults:5 | Killed a golden dragon
 31763 | Vaults:5 | Noticed a dread lich
 31780 | Vaults:5 | Killed a dread lich
 31803 | Vaults:5 | Got a silver rune of Zot
 32824 | Swamp:1  | Entered Level 1 of the Swamp
 33557 | Swamp:2  | Identified the ring of the Failed Coup {rPois rC- rN+ rCorr
                  | Dex+3}
 33785 | Swamp:2  | Found a bloodstained altar of Trog.
 34220 | Swamp:3  | Paralysed by a fenstrider witch for 2 turns
 34495 | Swamp:3  | Received a gift from Trog
 34587 | Swamp:4  | Entered Level 4 of the Swamp
 34597 | Swamp:4  | Reached XP level 23. HP: 155/160 MP: 20/20
 34623 | Swamp:4  | Identified the +1 war axe "Utorrol" {elec, rN+ rCorr
                  | Stlth-}
 35093 | Swamp:4  | Paralysed by a vampire knight for 2 turns
 35240 | Swamp:4  | Reached skill level 24 in Shields
 35528 | Swamp:4  | Found a blossoming altar of Fedhas.
 35532 | Swamp:4  | Received a gift from Trog
 35570 | Swamp:4  | Got a decaying rune of Zot
 35592 | Swamp:4  | Found a basalt altar of Yredelemnul.
 35939 | Depths:1 | Entered Level 1 of the Depths
 35939 | Depths:1 | Found a gateway to a bazaar.
 36393 | Depths:1 | Found a transporter.
 36402 | Depths:1 | Noticed a golden dragon
 36403 | Depths:1 | Noticed a caustic shrike
 36404 | Depths:1 | Noticed Hulu's ghost (veteran GrEE)
 36425 | Depths:1 | Found a transporter.
 36745 | Depths:1 | Found a gateway to Hell.
 36756 | Depths:1 | Reached skill level 15 in Armour
 36911 | Depths:2 | Found Jythrische's Jewellery Emporium.
 36912 | Depths:2 | Found Abeff's Book Shop.
 36918 | Depths:2 | Found Xaoma's Jewellery Emporium.
 36978 | Depths:2 | Noticed Nikola
 36994 | Depths:2 | Killed Nikola
 37120 | Depths:2 | Found a one-way gate leading to the halls of Pandemonium.
 37311 | Depths:2 | Identified the +2 broad axe of Yesterday {heavy, rC+ MP-9
                  | Dex+2 Stlth+} (Trog gifted it to you on level 2 of the
                  | Depths)
 37311 | Depths:2 | Received a gift from Trog
 37391 | Depths:2 | You are sucked into a shaft and drop 2 floors!
 37391 | Depths:4 | Entered Level 4 of the Depths
 37397 | Depths:4 | Identified the ring of Moderation {Ice rN++ Will++ Dex-2}
 37397 | Depths:4 | Noticed Josephina
 37417 | Depths:4 | Killed Josephina
 37698 | Depths:4 | Found Tiamir's Assorted Antiques.
 37713 | Depths:4 | Bought a scroll of blinking for 292 gold pieces
 37983 | Depths:3 | Found a one-way gateway to a ziggurat.
 38032 | Depths:2 | Reached XP level 24. HP: 125/169 MP: 20/20
 38044 | Depths:2 | Reached skill level 25 in Shields
 38652 | Depths:2 | Identified the +3 broad axe of Diodomuw {heavy, rF+ Str+3
                  | SInv} (Trog gifted it to you on level 2 of the Depths)
 38652 | Depths:2 | Received a gift from Trog
 38849 | Depths:2 | Found a runed translucent door.
 38889 | Depths:2 | Found a runed translucent door.
 39009 | Depths:2 | Identified the ring "Qoash" {rF+ Int+3 Dex+6}
 39324 | Depths:3 | Found a stormy altar of Qazlal.
 39783 | Depths:3 | Identified the ring "Ceanumek" {Ice rPois rN++ Str+3 Dex-2}
 39854 | Depths:3 | Identified the ring "Jitsav" {rN+ Int+4 Slay+5}
 39988 | Depths:3 | Noticed a caustic shrike
 40001 | Depths:3 | Killed a caustic shrike
 40181 | Depths:3 | Identified the +1 robe of the Realm of Zot {MP+9 Int+4}
 40423 | Depths:3 | Found a one-way gate to the infinite horrors of the Abyss.
 40565 | Depths:4 | Received a gift from Trog
 40566 | Depths:4 | Reached skill level 26 in Shields
 40662 | Depths:4 | Found a gate to the Realm of Zot.
 40923 | Depths:4 | Found Hasulaoz's Antique Weapon Emporium.
 41119 | Depths:4 | Found Malaklya's Weapon Emporium.
 41303 | Hell     | Entered the Vestibule of Hell
 41303 | Hell     | Noticed Geryon
 41323 | Hell     | Killed Geryon
 41324 | Hell     | Reached XP level 25. HP: 176/176 MP: 20/20
 41470 | Hell     | Received a gift from Trog
 41936 | Hell     | Found a gateway to the ashen valley of Gehenna.
 42208 | Hell     | Found a gateway to the decaying netherworld of Tartarus.
 42293 | Hell     | Found a gateway to the Iron City of Dis.
 42430 | Hell     | Received a gift from Trog
 42440 | Hell     | Found a gateway to the freezing wastes of Cocytus.
 42563 | Tar:1    | Entered Level 1 of Tartarus
 43044 | Tar:2    | You are sucked into a shaft and drop 2 floors!
 43423 | Tar:4    | Reached skill level 27 in Shields
 43868 | Crypt:1  | Entered Level 1 of the Crypt
 43951 | Crypt:1  | Received a gift from Trog
 44019 | Crypt:1  | Noticed Margery
 44056 | Crypt:1  | Killed Margery
 44338 | Crypt:1  | Noticed a royal mummy
 44341 | Crypt:1  | Noticed Khufu
 44341 | Crypt:1  | Noticed a royal mummy
 44384 | Crypt:1  | Reached XP level 26. HP: 118/186 MP: 20/20
 44753 | Crypt:2  | Killed Khufu
 45011 | Crypt:1  | Killed a royal mummy
 45016 | Crypt:1  | Killed a royal mummy
 45016 | Crypt:1  | Received a gift from Trog
 45767 | Crypt:2  | Noticed Vv
 45794 | Crypt:2  | Killed Vv
 46402 | Crypt:2  | Received a gift from Trog
 46491 | Crypt:3  | Entered Level 3 of the Crypt
 46992 | Crypt:3  | Found a staircase to the Tomb.
 47191 | Crypt:3  | Found an ancient bone altar of Kikubaaqudgha.
 47828 | Crypt:3  | Received a gift from Trog
 48002 | Crypt:3  | Noticed Jory
 48020 | Crypt:3  | Killed Jory
 48047 | Crypt:3  | Identified the ring "Duxzok" {Drain rN+ rCorr Str+2 SInv}
 48047 | Crypt:3  | Identified the ring of Pyromania {rElec rN+ rCorr Dex+3
                  | Stlth+}
 48047 | Crypt:3  | Identified the ring of the Lobster {rN+ Str+4}
 48293 | Zot:1    | Entered Level 1 of the Realm of Zot
 48346 | Zot:1    | HP: 9/190 [white draconian stormcaller/divine providence[a
                  | white draconian stormcaller] (14)]
 48347 | Zot:1    | Slain by a green draconian monk

Illustrated notes

Levels and vault maps discovered:
D:1:      reono_arrival_forest_river, layout_basic, minmay_crystal_room,
          minivault_24
D:2:      cheibrodos_helix_gallery, layout_basic, basic_altar
D:3:      layout_basic, hellmonk_ecumenical_altar_crossroads
D:4:      layout_loops_corners, overflow_temple_1_default, nrook_mini_backslash,
          grunt_decor_mini_mirrors, minmay_misc_feat_tower,
          minmay_misc_feat_pillars, st_stairs_12, corexii_corridor_pit,
          minmay_misc_feat_square, minmay_crossroads
D:5:      layout_loops_ring, roderic_batcave
D:6:      layout_loops_corners
D:7:      layout_basic, minmay_temple_entry_mini_moons
D:8:      layout_loops_ring, david_lair_generic, serial_shops,
          nicolae_shop_statue_plus, grunt_ministairs_6, uniq_psyche
D:9:      layout_rooms
D:10:     minmay_statue_hallways, layout_loops_corners,
          minmay_increasing_density, uniq_fannar, uniq_joseph
D:11:     nzn_winding_woodlands_cross [nzn_winding_woodlands_5x15_parted,
          nzn_winding_woodlands_5x15_pathside_ponds,
          nzn_winding_woodlands_5x15_garden, nzn_winding_woodlands_5x15_zeroes,
          nzn_winding_woodlands_15x15_five_gardens], layout_rooms, erik_orc_3,
          uniq_gastronok
D:12:     layout_basic, portal_ice_cave_demonic_guard
D:13:     layout_cave_pools, lightli_corner_chamber
D:14:     layout_layer_cave, ximxim_vaults_locker_room, nrook_campfire,
          item_on_display_a, uniq_louise
D:15:     gammafunk_depths_entry_grave, layout_grid_maze, minmay_misc_feat_tiny,
          special_room [special_room_orc], minivault_20,
          nicolae_figureground_pulse
Lair:1:   layout_regular_city, wad_woods_road_04, lemuel_fruit_tree,
          grunt_megastairs_2
Lair:2:   layout_hall_layers, ebering_ghost_inner_flame, st_stairs_5,
          infiniplex_staircase_pool_2
Lair:3:   layout_misc_corridors, skrybe_swamp_entry_bodies,
          minmay_snake_entry_guardpost_medium
Lair:4:   layout_gridlike, nicolae_slime_entry_slimehenge, fungi_pond_lemuel
Lair:5:   due_jungle_book, layout_regular_city
Swamp:1:  layout_falls_marsh, nicolae_swamp_ascending_descending, swamp_pool2,
          infiniplex_staircase_pool
Swamp:2:  layout_basic_swamp, evilmike_swamp_ruin_house_1,
          nicolae_swamp_godswood, swamp_pool5
Swamp:3:  layout_basic_swamp, evilmike_swamp_ruin_house_2
Swamp:4:  byrel_swamp_growth_death_and_undeath, layout_basic_swamp, swamp_pool1
Snake:1:  layout_basic, basic_altar, nicolae_snake_flat_spine, uniq_aizul
Snake:2:  layout_basic, serial_shops, nicolae_shop_trees, shop,
          nicolae_shop_stone, abandoned_shop, uniq_vashnia
Snake:3:  layout_misc_corridors, basic_altar
Snake:4:  grunt_snake_rune_pools, layout_onion_interference,
          nicolae_snake_boneroom
Orc:1:    layout_caves
Orc:2:    kennysheep_orc_mage_school, layout_caves, basic_altar, serial_shops,
          shop, shop, nicolae_shop_statue_plus, shop
Vaults:1: dpeg_vaults_waves, hangedman_vaults_cutoff, nicolae_vaults_little_ls,
          nicolae_vaults_little_squares_5, grunt_vaults_focal,
          hangedman_vaults_impose, nicolae_vaults_network_periphery,
          nicolae_vaults_rhombus_7, vaults_room_boxed, vaults_dpeg_ring,
          layout_vaults_omnicross, serial_shops, shop, uniq_donald
Vaults:2: nicolae_vaults_holding_cells, minmay_crypt_entry_simple_corners,
          ontoclasm_vaults_gateway, v_misc_8, v_pattern_1, v_misc_1,
          hangedman_vaults_impose, layout_vaults_maze_bifur, serial_shops,
          bzr_entry_gold
Vaults:3: hangedman_vaults_locks, nicolae_vaults_border_crossing,
          ontoclasm_vaults_twist, grunt_vaults_twisty, hangedman_vaults_hat,
          nicolae_vaults_meeting, vaults_room_door_hall,
          hangedman_vaults_cutoff, nicolae_vaults_little_squares_2,
          vaults_dpeg_diagonal, layout_vaults_big_room
Vaults:4: mu_enter_wizlab_1, v_misc_2, ontoclasm_vaults_shuriken,
          nicolae_vaults_little_squares_5, ontoclasm_vaults_chip,
          grunt_vaults_funnel, vaults_mumra_chevron_long,
          nicolae_vaults_c_with_doors, v_misc_26, vaults_dpeg_hooks,
          layout_vaults_quadrants
Vaults:5
Crypt:1:  dreamdust_cat_pyramid, layout_misc_corridors, special_room
          [special_room_morgue], uniq_margery, uniq_khufu
Crypt:2:  layout_regular_city, uniq_vv
Crypt:3:  church_of_pain_bobbens, layout_chaotic_city,
          nicolae_tomb_entry_unfolded_pyramid_orthogonal
Depths:1: layout_cave_shapes, nzn_ghost_randoct, hellmouth_1, serial_sigils,
          serial_sigils_hangedman_stare, serial_sigils_hangedman_gut,
          serial_sigils_hangedman_clutch, serial_sigils_hangedman_gnaw,
          serial_shops, bzr_entry_dummy
Depths:2: cheibrodos_witchhunters_guild, layout_basic, columned_hall_lemuel,
          rand_demon_pan_entry_7, grunt_hell_entry_dis_mu, serial_bayou_shore_b,
          serial_bayou_shore_b, minmay_shop_grove,
          infiniplex_staircase_pillars_1, uniq_nikola
Depths:3: minmay_the_grid_4x2 [minmay_the_grid_tri_star,
          minmay_the_grid_dragon_a, minmay_the_grid_outer_diamond,
          minmay_the_grid_dragon_b, minmay_the_grid_minigrid_large,
          minmay_the_grid_spin_star, minmay_the_grid_artifice,
          minmay_the_grid_prize_inner_circle], layout_gridville,
          enter_ziggurat_b, nicolae_qazlal_scattered_showers,
          rand_demon_pan_entry_1, abyss_entry_small_statue_room, pf_coc_iceberg,
          minmay_misc_feat_four_crosses
Depths:4: grunt_zot_entry_alcove, layout_long_grid, grunt_metal_band,
          serial_shops, nicolae_shop_bloodbath_and_beyond, shop, shop,
          shop_statue, hangedman_decor_points, rand_demon_pan_entry_5,
          uniq_josephina
Hell
Tar:1:    layout_honeycomb
Tar:2:    layout_honeycomb
Tar:4:    minmay_shadows, layout_honeycomb, nicolae_tar_cuneiform_water
Tar:5:    nicolae_tar_entombed_in_hell, layout_cathedral_of_symmetry,
          nicolae_hells_seeping_fissure
Zot:1:    layout_twisted_circle, skrybe_zot_glass_1

Skill      XL: |  1  2  3  4  5  6  7  8  9 10 11 12 13 14 15 16 17 18 19 20 21 22 23 24 25 26 |
---------------+-------------------------------------------------------------------------------+-----
Axes           | 3 4 5 6 8 10 11 12 14 15 16 17 18 19 20 21 22 23 24 | 24.4
Dodging        | 2 3 4 5 6 7 8 9 10 11 12 13 | 13.7
Fighting       | 4 5 6 7 8 9 11 12 13 15 16 17 18 19 20 21 22 23 24 26 | 26.0
Stealth        | 1 2 3 4 5 6 |  6.3
Armour         | 3 4 5 7 8 9 10 11 12 13 14 15 16 17 | 17.3
Shields        | 1 2 4 5 8 13 16 18 19 21 22 23 24 26 27 | 27.0
Throwing       | 1 |  1.2
Evocations     | |  0.4

Action                     |  1- 3 |  4- 6 |  7- 9 | 10-12 | 13-15 | 16-18 | 19-21 | 22-24 | 25-27 || total
---------------------------+-------+-------+-------+-------+-------+-------+-------+-------+-------++-------
  Melee: Hand axe          |   124 |       |       |       |       |       |       |       |       ||   124
         War axe           |     6 |   109 |   169 |   407 |   947 |   818 |   780 |  1472 |  1059 ||  5767
         Punch             |       |       |     3 |       |       |       |       |       |       ||     3
         Short sword       |       |       |       |       |     6 |       |       |       |       ||     6
  Throw: Dart              |       |     6 |       |       |    11 |       |       |     1 |       ||    18
 Invoke: Berserk           |     1 |     1 |     4 |    11 |    13 |     7 |    13 |    16 |     9 ||    75
         Trog's Hand       |       |       |     6 |    12 |    20 |    11 |    18 |    20 |     9 ||    96
         Brothers in Arms  |       |       |     1 |       |     3 |     3 |     9 |       |     1 ||    17
  Evoke: Wand              |       |       |       |       |     4 |       |       |       |       ||     4
    Use: Scroll            |    12 |     4 |     7 |     2 |    12 |     6 |     1 |     2 |     5 ||    51
         Potion            |     1 |       |     2 |     1 |     7 |    10 |     7 |     2 |     3 ||    33
   Stab: Distracted        |     1 |       |       |       |     1 |       |     1 |       |       ||     3
         Petrified         |       |       |       |     7 |       |       |       |       |       ||     7
         Sleeping          |       |       |       |       |     3 |     4 |     2 |       |       ||     9
         Petrifying        |       |       |       |       |       |       |       |     1 |       ||     1
 Armour: Animal skin       |    37 |       |       |       |       |       |       |       |       ||    37
         Chain mail        |    30 |    65 |    67 |       |       |       |       |       |       ||   162
         Scale mail        |       |       |    55 |   201 |   538 |   249 |   331 |    68 |       ||  1442
         Gold dragon scale |       |       |       |       |       |       |       |   520 |   451 ||   971
  Dodge: Dodged            |    94 |    74 |   100 |   229 |   506 |   242 |   320 |   383 |   235 ||  2183
  Block: Buckler           |       |       |       |    56 |   176 |       |       |       |       ||   232
         Tower shield      |       |       |       |       |   196 |  1057 |  1181 |  1791 |  1517 ||  5742
         Reflection        |       |       |       |       |       |   104 |    53 |    43 |     4 ||   204

Table legend: (Time is in decaauts)
 A = Elapsed time spent in this place.
 B = Non-inter-level travel time spent in this place.
 C = Inter-level travel time spent in this place.
 D = Time resting spent in this place.
 E = Time spent auto-exploring this place.
 F = Levels seen in this place.
 G = Mean time per level.
                   A        B        C        D        E       F      G
               +--------+--------+--------+--------+--------+-----+--------+
         Total |  48197 |  44973 |   3224 |   5406 |  27739 |  52 |  926.9 |
       Dungeon |  13015 |  11608 |   1407 |     65 |   8704 |  15 |  867.7 |
          Lair |   5374 |   4822 |    552 |    138 |   3311 |   5 | 1074.8 |
         Swamp |   2776 |   2617 |    159 |    240 |   1719 |   4 |  694.0 |
     Snake Pit |   3173 |   3063 |    110 |     74 |   1970 |   4 |  793.2 |
  Orcish Mines |    690 |    621 |     69 |      0 |    426 |   2 |  345.0 |
        Vaults |  10216 |   9802 |    414 |   2773 |   4813 |   5 | 2043.2 |
         Crypt |   4130 |   3989 |    141 |    697 |   2159 |   3 | 1376.7 |
        Depths |   5793 |   5460 |    333 |    808 |   3423 |   4 | 1448.2 |
          Hell |    817 |    814 |      3 |    128 |    326 |   1 |  817.0 |
      Tartarus |   1100 |   1068 |     32 |    389 |    453 |   4 |  275.0 |
           Zot |     48 |     48 |      0 |      0 |     24 |   1 |   48.0 |
         Abyss |    427 |    427 |      0 |     18 |    108 |   3 |  142.3 |
      Ice Cave |    632 |    632 |      0 |     76 |    300 |   1 |  632.0 |
               +--------+--------+--------+--------+--------+-----+--------+

Top non-repeatable levels by time:
Vaults:4: 4529 daAuts
Vaults:3: 2132 daAuts
  Lair:5: 1893 daAuts
Depths:3: 1658 daAuts
Depths:4: 1637 daAuts
 Crypt:3: 1534 daAuts
Depths:2: 1519 daAuts
 Crypt:2: 1359 daAuts
Vaults:5: 1300 daAuts
 Snake:4: 1240 daAuts
 Crypt:1: 1236 daAuts
Vaults:1: 1144 daAuts
    D:10: 1138 daAuts
    D:14: 1133 daAuts
Vaults:2: 1110 daAuts
